 Dungeon Crawl Stone Soup version 0.29.1-12-g30fa7ad0bf (webtiles) character file.

Game seed: 7667356097861564868

640 Descartes the Shield-Bearer (level 7, 0/56 HPs)
             Began as a Formicid Fighter on Dec 20, 2022.
             Was an Elder of Jiyva.
             Slain by a two-headed ogre
             ... wielding a +0 giant club
              (4 damage)
             ... on level 5 of the Dungeon.
             The game lasted 00:04:09 (3275 turns).

Descartes the Shield-Bearer (Formicid Fighter)      Turns: 3275, Time: 00:04:10

Health: 0/56       AC: 11    Str: 20    XL:     7   Next: 80%
Magic:  7/7        EV:  9    Int: 10    God:    Jiyva [****..]
Gold:   211        SH:  5    Dex: 13    Spells: 6/6 levels left

rFire   + + +      SeeInvis +   a - +0 war axe
rCold   . . .      Faith    .   c - +0 buckler
rNeg    . . .      Spirit   .   b - +0 scale mail
rPois   .          Reflect  .   (helmet unavailable)
rElec   .          Harm     .   (no cloak)
rCorr   +          Rampage  .   (no gloves)
Will    .....                   (no boots)
Stlth   ..........              (no amulet)
HPRegen 1.46/turn               h - +4 ring of protection
MPRegen 0.50/turn               (no ring)

@: no status effects
A: permanent stasis, dig shafts and tunnels, antennae 3, four strong arms, fire
resistance 3, passive freeze
a: Dig, Shaft Self, Renounce Religion, Oozemancy, Slimify


You were on level 5 of the Dungeon.
You worshipped Jiyva.
Jiyva was greatly pleased with you.
You visited 1 branch of the dungeon, and saw 5 of its levels.

You collected 211 gold pieces.

Inventory:

Hand Weapons
 a - a +0 war axe (weapon)
 k - a +0 sling
 l - a +1 vorpal mace
 q - a +0 giant spiked club
 w - a +0 spectral club
Missiles
 o - 4 atropa-tipped darts
 p - 6 poisoned darts
Armour
 b - a +0 scale mail (worn)
 c - a +0 buckler (worn)
Jewellery
 h - a +4 ring of protection (left hand)
 s - an amulet of guardian spirit
 t - a ring of willpower
Wands
 x - a wand of mindburst (1)
Scrolls
 e - 4 scrolls of teleportation {unknown}
 f - a scroll of butterflies {unknown}
 g - a scroll of poison {unknown}
 i - a scroll of acquirement {unknown}
 j - 2 scrolls of identify {unknown}
 r - a scroll of enchant armour {unknown}
 u - a scroll of immolation {unknown}
Potions
 d - a potion of might
 m - a potion of brilliance {unknown}
 n - a potion of mutation {unknown}
 v - a potion of flight {unknown}


   Skills:
 + Level 5.0 Fighting
 + Level 3.8(4.4) Axes
 + Level 2.2(3.3) Maces & Flails
 + Level 2.2(3.3) Polearms
 + Level 5.0 Armour
 + Level 6.0 Shields
 - Level 0.7 Translocations


You had 6 spell levels left.
You didn't know any spells.
Your spell library contained the following spells:

 Spells                   Type           Power      Damage    Failure   Level
 Apportation              Tloc           2%         N/A       67%         1
 Necrotise                Necr           0%         1d4       77%         1
 Summon Small Mammal      Summ           0%         N/A       77%         1


Dungeon Overview and Level Annotations

Branches:
Dungeon (5/15)             Temple (0/1) D:4

Altars:
Cheibriados
Makhleb
Okawaru
Sif Muna
Jiyva

Shops:
D:4 [


Innate Abilities, Weirdness & Mutations

You cannot be hasted, slowed, berserked, paralysed or teleported.
You can dig through walls and to a lower floor.
You have a pair of large antennae on your head. (SInv)
Your four strong arms can wield two-handed weapons with a shield.
Your flesh is almost immune to the effects of heat. (rF+++)
A frigid envelope surrounds you and freezes all who hurt you.


Message History

The jackal is very cold.
You kill the jackal!
The jackal misses you.
You hit the jackal.
The jackal is heavily wounded.
You hit the bush but do no damage. x2; You slash the bush!
The jackal barely misses you.
The jackal bites the bush but does no damage.
The jackal bites you but does no damage.
The jackal is very cold.
You kill the jackal!
The jackal bites the bush but does no damage.
The jackal bites the bush but does no damage.
There is a snail-covered altar of Cheibriados here.
You see here a jackal corpse.
The two-headed ogre hits you with a +0 giant club!
The two-headed ogre is very cold.
The two-headed ogre is lightly wounded.
You block the two-headed ogre's attack.
You slash the two-headed ogre!
The two-headed ogre is moderately wounded.
You hit the bush. You hit the bush but do no damage. x2
The jackal bites the bush but does no damage.
You hear a distant slurping noise.
You block the two-headed ogre's attack.
The two-headed ogre hits you with a +0 giant club!
The two-headed ogre is very cold.
The two-headed ogre is heavily wounded.
The jackal bites the bush.
You slash the two-headed ogre!
The two-headed ogre is severely wounded.
You hit the bush but do no damage. x3
The jackal bites the bush but does no damage.
The two-headed ogre hits you with a +0 giant club!!
Ouch! That really hurt!
* * * LOW HITPOINT WARNING * * *
The two-headed ogre is very cold.
The two-headed ogre is almost dead.
The two-headed ogre hits you with a +0 giant club.
You die... . #.....#..## . #.....#...## #.....#....## #....h......# +.P.PPPPP.P.#

P.......P.#####
P.PO..P.P.#....
P.P@_.P.P......
.P.P..[P†P.....
#.P.......P.#


#.P.PPPPP.P.# #...........# #########.#)## #..))## ####..### ##...# You could
see a two-headed ogre and a jackal.

Vanquished Creatures
  A black bear (D:4)
  An ogre (D:4)
  A phantom (D:5)
  A scorpion (D:5)
  2 hounds (D:4)
  An orc priest (D:3)
  Ijyb (D:5)
  3 orc wizards (D:5)
  7 adders
  A dart slug (D:3)
  13 orcs
  7 ball pythons
  2 endoplasms (D:1)
  3 giant cockroaches
  9 hobgoblins
  3 jackals (D:5)
  6 kobolds
  4 quokkas
  6 bats
  2 frilled lizards
  5 goblins
  4 rats (D:1)
83 creatures vanquished.

Vanquished Creatures (others)
  A dart slug (D:2)
  A giant cockroach (D:1)
  A goblin (D:2)
  3 frilled lizards
  A kobold (D:2)
  4 rats
  4 fungi (D:1)
15 creatures vanquished.

Grand Total: 98 creatures vanquished

Notes
Turn   | Place    | Note
-------+----------+-------------------------------------------
     0 | D:1      | Descartes the Formicid Fighter began the quest for the Orb.
     0 | D:1      | Reached XP level 1. HP: 18/18 MP: 1/1
   155 | D:1      | Reached XP level 2. HP: 23/24 MP: 2/2
   176 | D:1      | Found a faded altar of an unknown god.
   429 | D:1      | Prayed at the altar of an unknown god.
   429 | D:1      | Became a worshipper of Jiyva Jecassis the Shapeless
   429 | D:1      | Reached * piety under Jiyva
   618 | D:1      | Reached XP level 3. HP: 29/29 MP: 3/3
  1008 | D:2      | Reached ** piety under Jiyva
  1184 | D:2      | Reached XP level 4. HP: 37/37 MP: 4/4
  1549 | D:3      | Reached skill level 5 in Shields
  1549 | D:3      | Reached XP level 5. HP: 19/42 MP: 5/5
  1806 | D:3      | Found a shimmering blue altar of Sif Muna.
  1843 | D:3      | Reached *** piety under Jiyva
  2308 | D:4      | Gained mutation: Your flesh is heat resistant. (rF+)
                  | [Jiyva's grace]
  2308 | D:4      | Gained mutation: Your flesh is very heat resistant. (rF++)
                  | [Jiyva's grace]
  2308 | D:4      | Gained mutation: Your flesh is almost immune to the effects
                  | of heat. (rF+++) [Jiyva's grace]
  2308 | D:4      | Gained mutation: A frigid envelope surrounds you and
                  | freezes all who hurt you. [Jiyva's grace]
  2380 | D:4      | Reached XP level 6. HP: 49/49 MP: 6/6
  2394 | D:4      | Found a staircase to the Ecumenical Temple.
  2426 | D:4      | Noticed a black bear
  2427 | D:4      | Found an iron altar of Okawaru.
  2430 | D:4      | Killed a black bear
  2431 | D:4      | Reached skill level 1 in Maces & Flails
  2431 | D:4      | Reached skill level 1 in Polearms
  2467 | D:4      | Found a burning altar of Makhleb.
  2471 | D:4      | Noticed an ogre
  2476 | D:4      | Killed an ogre
  2477 | D:4      | Reached XP level 7. HP: 46/55 MP: 7/7
  2905 | D:4      | Reached **** piety under Jiyva
  3038 | D:4      | Found Keuxtaraz's Antique Armour Emporium.
  3138 | D:5      | Entered Level 5 of the Dungeon
  3238 | D:5      | Found a snail-covered altar of Cheibriados.
  3251 | D:5      | Reached skill level 5 in Fighting
  3251 | D:5      | Reached skill level 5 in Armour
  3251 | D:5      | Reached skill level 6 in Shields
  3258 | D:5      | Noticed Ijyb
  3263 | D:5      | Killed Ijyb
  3267 | D:5      | Noticed a two-headed ogre
  3275 | D:5      | Slain by a two-headed ogre

Illustrated notes

Levels and vault maps discovered:
D:1:      dpeg_arrival_prison, layout_loops_ring,
          hellmonk_ecumenical_altar_pennies_from_heaven, minmay_misc_feat_cross
D:2:      layout_rooms
D:3:      layout_basic, old_standard_altar, nrook_uturn, nrook_mini_backslash,
          mrwooster_statue_mirror, kennysheep_decorative_pillar
D:4:      layout_basic, overflow_temple_1_default,
          mainiacjoe_overflow_boulevard, minmay_temple_entry_water_ring,
          serial_shops, kennysheep_little_box, grunt_ministairs_3
D:5:      layout_basic, mainiacjoe_overflow_cross_hatched, uniq_sigmund,
          uniq_ijyb

Skill      XL: |  1  2  3  4  5  6  7 |
---------------+----------------------+-----
Fighting       | 4 5 |  5.0
Armour         | 4 5 |  5.0
Shields        | 5 6 |  6.0
Axes           | 3 |  3.8
Maces & Flails | 1 2 |  2.2
Polearms       | 1 2 |  2.2
Translocations | |  0.7

Action                   |  1- 3 |  4- 6 |  7- 9 || total
-------------------------+-------+-------+-------++-------
Melee: War axe           |    94 |    73 |    34 ||   201
Armor: Scale mail        |    57 |    59 |    16 ||   132
Dodge: Dodged            |    62 |    49 |    25 ||   136
Block: Buckler           |    38 |    23 |     4 ||    65
